 Dungeon Crawl Stone Soup version 0.25-a0-86-ga6f17ae7d4 (webtiles) character file.

Game seed: 14250105998506297999, levelgen mode: deterministic

542 CasualChangeling the Conjurer (level 7, -5/41 HPs)
             Began as a Tengu Conjurer on Nov 9, 2019.
             Was an Initiate of Okawaru.
             Killed by divine providence
             ... invoked by an orc priest
              (12 damage)
             ... on level 4 of the Dungeon.
             The game lasted 00:11:07 (3833 turns).

CasualChangeling the Conjurer (Tengu Conjurer)      Turns: 3833, Time: 00:11:08

Health: -5/41      AC:  3    Str: 12    XL:     7   Next: 27%
Magic:  8/13       EV: 17    Int: 15    God:    Okawaru [......]
Gold:   148        SH:  0    Dex: 20    Spells: 6/13 levels left

rFire    . . .     SeeInvis .   a - +1 short sword (drain)
rCold    . . .     Gourm    .   (no shield)
rNeg     . . .     Faith    .   u - +0 leather armour
rPois    .         Spirit   .   (helmet restricted)
rElec    .         Reflect  .   (no cloak)
rCorr    .         Harm     .   (no gloves)
MR       .....                  (boots unavailable)
Stlth    ++........             (no amulet)
HPRegen  0.13/turn              g - +2 ring of strength
MPRegen  0.13/turn              o - +5 ring of dexterity

@: flying quickly and evasively, quick
A: beak, talons 3, able to fly
a: Stop Flying, Renounce Religion


You were on level 4 of the Dungeon.
You worshipped Okawaru.
Okawaru was noncommittal.
You were not hungry.

You visited 1 branch of the dungeon, and saw 5 of its levels.

You collected 148 gold pieces.

Inventory:

Hand Weapons
 a - a +1 short sword of draining (weapon)
Armour
 u - a +0 leather armour (worn)
Jewellery
 g - a +2 ring of strength (left hand)
 o - a +5 ring of dexterity (right hand)
 q - an uncursed ring of protection from fire
Scrolls
 b - a scroll of identify
 f - 3 scrolls of teleportation
 i - a scroll of immolation
 j - a scroll of enchant armour {unknown}
 l - 5 scrolls of remove curse
 s - 2 scrolls of blinking
Potions
 d - a potion of resistance
 e - a potion of lignification {unknown}
 h - 3 potions of curing
 m - a potion of ambrosia
 n - 2 potions of agility {unknown}
 p - a potion of brilliance {unknown}
 r - a potion of heal wounds {unknown}
 t - 2 potions of might {unknown}
Comestibles
 c - 13 rations
 k - a chunk of flesh


   Skills:
 + Level 3.4 Fighting
 - Level 1.0 Short Blades
 + Level 4.4 Dodging
 - Level 2.0 Stealth
 + Level 3.7 Spellcasting
 + Level 7.3 Conjurations


You had 6 spell levels left.
You knew the following spells:

 Your Spells              Type           Power        Failure   Level  Hunger
a - Magic Dart            Conj           ###.         1%          1    None
b - Searing Ray           Conj           ###...       1%          2    ##.....
c - Iskenderun's Mystic   Conj           ###.....     12%         4    ####...

Your spell library contained the following spells:

 Spells                   Type           Power        Failure   Level  Hunger
 Dazzling Spray           Conj/Hex       ##....       16%         3    ###....
 Force Lance              Conj/Tloc      ##......     45%         4    ####...
 Fulminant Prism          Conj/Hex       ##........   45%         4    ####...


Dungeon Overview and Level Annotations

Branches:
Dungeon (5/15)
 Temple: D:4-7

Altars:
Cheibriados
Gozag
Hepliaklqana
Okawaru
Xom
The Shining One


Innate Abilities, Weirdness & Mutations

You have a beak for a mouth.
You have claws for feet.
You can fly continuously.


Message History

There is an open door here.
Casting: Searing Ray (safe; 1% risk of failure)
Confirm with . or Enter, or press ? or * to list all spells.
Aiming: Searing Ray (safe; 1% risk of failure)
Press: ? - help, Shift-Dir - straight line, f - orc
Aim: an orc, wielding a +0 short sword
Okay, then.
The worker ant bites you.
* * * LOW HITPOINT WARNING * * *
Casting: Searing Ray (safe; 1% risk of failure)
Confirm with . or Enter, or press ? or * to list all spells.
Aiming: Searing Ray (safe; 1% risk of failure)
Press: ? - help, Shift-Dir - straight line, f - worker ant
Aim: a worker ant The searing ray hits the worker ant.
The worker ant is moderately wounded. (Press . to maintain the ray.)
The orc priest mumbles some strange prayers to Beogh against you.
Beogh smites you!
You die...

#.......# #.#..#.#.########.#####
.)......# #.#...<#.#....##......#
..#####.# #.##.#.#.#.##.##......#
..# #.# #....#.#.#.##.##.###..#
..### ########.#.#.#.##....#....#
....#### #.......#.#.#######.##.#
....##.########.##.#.............
....##..## #..#.#########.##..
#.####...## ##@#.# #.##..
######....######a#'#########.##..
##.#..#......#o..........#.##..
#._..#######.'o..........#.##..
##.#..#......#..>........#.###.
###....######...........#.# #.
#...## #...........#.# #. #..##
#############.# #. #.## #.# #.


You could see a worker ant, an orc priest and an orc.

Vanquished Creatures
  A water moccasin (D:2)
  2 orc priests
  2 hounds (D:4)
  An iguana (D:4)
  Terence (D:2)
  A worker ant (D:4)
  2 orc wizards
  7 adders
  2 oozes
  An adder skeleton (D:2)
  A worm (D:3)
  3 leopard geckos
  19 orcs
  4 giant cockroaches
  4 hobgoblins
  11 jackals
  A quokka (D:3)
  4 ball pythons
  10 bats
  3 frilled lizards
  11 goblins
  6 kobolds
  9 rats
106 creatures vanquished.

Notes
Turn   | Place    | Note
-------+----------+-------------------------------------------
     0 | D:1      | CasualChangeling the Tengu Conjurer began the quest for the
                  | Orb.
     0 | D:1      | Reached XP level 1. HP: 10/10 MP: 4/4
   131 | D:1      | Reached XP level 2. HP: 12/16 MP: 1/6
   310 | D:1      | Reached skill level 1 in Fighting
   371 | D:1      | Reached XP level 3. HP: 20/20 MP: 0/7
   804 | D:2      | Learned a level 2 spell: Searing Ray
   872 | D:2      | Noticed a water moccasin
   898 | D:2      | Reached XP level 4. HP: 25/25 MP: 5/8
   978 | D:2      | Reached skill level 6 in Conjurations
  1522 | D:2      | Gained mutation: You can fly continuously. [Tengu growth]
  1522 | D:2      | Reached XP level 5. HP: 30/30 MP: 6/10
  1605 | D:2      | Found a hazy altar of Hepliaklqana.
  1606 | D:2      | Found a shimmering altar of Xom.
  1606 | D:2      | Noticed a caustic shrike
  1607 | D:2      | Noticed a spectral ugly thing
  1607 | D:2      | Noticed a caustic shrike
  1624 | D:2      | Noticed Terence
  1630 | D:2      | Killed Terence
  1875 | D:2      | Learned a level 4 spell: Iskenderun's Mystic Blast
  1884 | D:3      | Found an opulent altar of Gozag.
  2028 | D:2      | Killed a water moccasin
  2028 | D:2      | Reached XP level 6. HP: 16/36 MP: 1/11
  2261 | D:3      | Found a snail-covered altar of Cheibriados.
  2262 | D:3      | Found an iron altar of Okawaru.
  2277 | D:3      | Became a worshipper of Warmaster Okawaru
  2689 | D:3      | Reached skill level 7 in Conjurations
  3177 | D:4      | Reached XP level 7. HP: 41/41 MP: 13/13
  3208 | D:4      | Reached skill level 1 in Short Blades
  3411 | D:4      | Found a glowing golden altar of the Shining One.
  3823 | D:5      | Entered Level 5 of the Dungeon
  3833 | D:4      | Killed from afar by an orc priest

Levels and vault maps discovered:
D:1:      evilmike_arrival_home_sweet_home, layout_loops_ring,
          corexii_corridor_pit, hangedman_glass_teeth
D:2:      layout_loops_ring, regret_index_temple_of_mockery, minmay_vboxes,
          uniq_terence
D:3:      layout_rooms, chequers_temple_overflow_statue_of_worship,
          overflow_temple_1_default, first_ration
D:4:      layout_basic, nicolae_tso_swordbearing_angel, roderic_filled_cross
D:5:      layout_basic, minmay_temple_entry_waves, grunt_decor_fettered

Skill      XL: |  1  2  3  4  5  6  7 |
---------------+----------------------+-----
Fighting       | 1 2 3 |  3.4
Dodging        | 3 4 |  4.4
Conjurations   | 6 7 |  7.3
Spellcasting   | 3 |  3.7
Short Blades   | 1 |  1.0
Stealth        | |  2.0

Action                   |  1- 3 |  4- 6 |  7- 9 || total
-------------------------+-------+-------+-------++-------
Melee: Dagger            |    18 |    45 |       ||    63
       Peck              |     4 |    10 |     1 ||    15
       Kick              |     2 |    25 |     4 ||    31
       Short sword       |       |    15 |    14 ||    29
 Cast: Magic Dart        |    46 |    98 |     8 ||   152
       Searing Ray       |     1 |     4 |     3 ||     8
       Iskenderun's Myst |       |     1 |       ||     1
 Abil: Fly               |       |     1 |       ||     1
  Use: Scroll            |       |    11 |       ||    11
 Stab: Sleeping          |     5 |     1 |       ||     6
  Eat: Chunk             |     1 |     7 |     3 ||    11
Armor: Robe              |     4 |     4 |       ||     8
       Leather armour    |       |     5 |     2 ||     7
Dodge: Dodged            |    12 |    65 |    17 ||    94

Table legend:
 A = Non-vault XP
 B = Vault XP
 C = Vault XP percentage of total XP
 D = Non-vault monster count
 E = Vault monster count
 F = Vault count percentage of total count
                 A         B        C        D         E       F
            +---------+---------+-------+---------+---------+-------
      Total |     732 |      43 |   5.5 |     101 |       5 |   4.7
            +---------+---------+-------+---------+---------+-------
        D:1 |      54 |       0 |   0.0 |      31 |       0 |   0.0
        D:2 |     268 |      43 |  13.8 |      23 |       5 |  17.9
        D:3 |     178 |       0 |   0.0 |      34 |       0 |   0.0
        D:4 |     191 |       0 |   0.0 |      12 |       0 |   0.0
        D:5 |      41 |       0 |   0.0 |       1 |       0 |   0.0
            +---------+---------+-------+---------+---------+-------
